 Dungeon Crawl Stone Soup version 0.18.1-48-g4cf74bf (webtiles) character file.

151 Krapule the Insei (level 5, -4/28 HPs)
             Began as a Vine Stalker Monk on July 25, 2016.
             Killed by divine providence
             ... invoked by an orc priest
              (13 damage)
             ... on level 4 of the Dungeon.
             The game lasted 00:08:50 (2546 turns).

Krapule the Insei (Vine Stalker Monk)               Turns: 2546, Time: 00:08:51

Health: -4/28      AC:  3    Str: 13    XL:     5   Next: 33%
Magic:  0/6        EV: 13    Int: 10    God:
Gold:   131        SH:  0    Dex: 18    Spells: 0 memorised, 4 levels left

rFire  . . .     SeeInvis .       - Unarmed
rCold  . . .     Gourm    .     a - +0 robe
rNeg   . . .     Faith    .     (no shield)
rPois  .         Spirit   +     h - +0 helmet (curse)
rElec  .         Dismiss  .     (no cloak)
rCorr  .         Reflect  .     (no gloves)
SustAt .         Harm     .     (no boots)
MR     .....                    (no amulet)
Stlth  +++.......               (no ring)
                                (no ring)

@: drained, not resistant to hostile enchantments, fairly stealthy
A: fangs 2, regeneration 1, magic shield, antimagic bite, no device heal 3, rot
immunity
a: no special abilities


You were on level 4 of the Dungeon.
You were not hungry.

You visited 1 branch of the dungeon, and saw 4 of its levels.

You collected 131 gold pieces.

Inventory:

Armour
 a - a +0 robe (worn)
 h - a cursed +0 helmet (worn)
Jewellery
 k - an uncursed amulet of harm
Scrolls
 e - 4 scrolls of amnesia
 g - a scroll of random uselessness {unknown}
 j - a scroll of identify {unknown}
 n - a scroll of teleportation {unknown}
 q - a scroll of blinking {unknown}
Potions
 c - a potion of agility {unknown}
 d - a potion of brilliance {unknown}
 f - 2 potions of curing
 i - a potion of lignification {unknown}
 o - a potion of mutation {unknown}
 p - a potion of heal wounds {unknown}
Comestibles
 b - 3 bread rations
 l - a slice of pizza
 m - a royal jelly
 r - a chunk of flesh


   Skills:
 + Level 3.4(2.9) Fighting
 - Level 1.0(0.5) Armour
 + Level 3.0(2.5) Dodging
 + Level 3.9(3.4) Stealth
 + Level 4.6(4.1) Unarmed Combat


You had 4 spell levels left.
You didn't know any spells.

Dungeon Overview and Level Annotations

Branches:
Dungeon (4/15)
 Temple: D:4-7

Altars:
Elyvilon


Innate Abilities, Weirdness & Mutations

You have extremely sharp teeth.
Your natural rate of healing is unusually fast.
When hurt, damage is shared between your health and your magic reserves.
Your bite disrupts and absorbs the magic of your enemies.
Potions and wands cannot restore your health.
You are immune to rotting.


Message History

An orc and an orc priest come into view.
The orc priest shouts!
The orc shouts!
Things that are here:
a dagger; a robe; an orc corpse You barely miss the orc priest.
Your punch misses the orc priest. Your bite misses the orc priest.
The orc priest invokes the aid of Beogh against you.
Beogh smites you!
You hit the orc priest but do no damage.
The orc priest misses you.
You closely miss the orc priest.
You bite the orc priest, but do no damage.
The orc priest invokes the aid of Beogh against you.
Pain shoots through your body!
You hit the orc priest.
The orc priest is moderately wounded.
The orc priest barely misses you.
The orc priest mumbles some strange prayers to Beogh against you.
Beogh smites you!
You die...

#########
#.oo..... #)#
##@##
#...##########
##.............
.........<...###
##############


You could see an orc priest.

Vanquished Creatures
  An orc wizard (D:4)
  2 adders
  2 worms (D:3)
  10 dart slugs
  2 giant geckos (D:3)
  7 giant cockroaches
  2 goblins
  10 hobgoblins
  12 jackals
  7 kobolds
  2 quokkas
  A ball python (D:1)
  10 bats
  3 giant newts
  A quokka zombie (D:3)
  8 rats
80 creatures vanquished.

Vanquished Creatures (others)
  An adder (D:2)
  A ball python (D:2)
  A giant newt (D:2)
3 creatures vanquished.

Grand Total: 83 creatures vanquished

Notes
Turn   | Place    | Note
--------------------------------------------------------------
     0 | D:1      | Krapule the Vine Stalker Monk began the quest for the Orb.
     0 | D:1      | Reached XP level 1. HP: 11/11 MP: 2/2
   118 | D:1      | Reached XP level 2. HP: 12/16 MP: 3/3
   804 | D:2      | Reached XP level 3. HP: 16/20 MP: 4/4
   978 | D:2      | Reached skill level 1 in Armour
  1192 | D:2      | Found a white marble altar of Elyvilon.
  1295 | D:2      | Reached XP level 4. HP: 19/24 MP: 3/5
  1812 | D:3      | Reached XP level 5. HP: 28/28 MP: 6/6
  2546 | D:4      | Killed from afar by an orc priest

Skill      XL: |  1  2  3  4  5 |
---------------+----------------+-----
Fighting       | 3 |  3.4
Stealth        | 3 |  3.9
Armour         | 1 |  1.0
Dodging        | 3 |  3.0
Unarmed Combat | |  4.6

Action                   |  1- 3 |  4- 6 || total
-------------------------+-------+-------++-------
Melee: Unarmed           |   127 |   120 ||   247
       Bite              |    25 |    44 ||    69
       Punch             |     3 |     2 ||     5
  Use: Potion            |     1 |       ||     1
       Scroll            |       |     1 ||     1
 Stab: Sleeping          |     5 |    14 ||    19
  Eat: Chunk             |     1 |     3 ||     4
       Pizza             |       |     1 ||     1
Armor: Robe              |    39 |    15 ||    54
Dodge: Dodged            |    78 |    63 ||   141
